 Dungeon Crawl Stone Soup version 0.28.0-53-g5a82cb258f (webtiles) character file.

Game seed: 852141414181845465

973 Peloso the Slasher (level 7, -4/62 HPs)
             Began as a Minotaur Fighter on July 17, 2022.
             Was a Believer of Okawaru.
             Killed from afar by Ijyb (19 damage)
             ... with a bolt of acid
             ... on level 5 of the Dungeon.
             The game lasted 00:09:01 (4298 turns).

Peloso the Slasher (Minotaur Fighter)               Turns: 4298, Time: 00:09:01

Health: -4/62      AC:  9    Str: 21    XL:     7   Next: 94%
Magic:  6/6        EV:  6    Int:  5    God:    Okawaru [**....]
Gold:   266        SH:  9    Dex: 11    Spells: 6/6 levels left

rFire   . . .      SeeInvis .   a - +1 falchion (vorpal)
rCold   . . .      Faith    .   c - +0 kite shield
rNeg    . . .      Spirit   .   m - +3 chain mail
rPois   .          Reflect  .   (helmet restricted)
rElec   .          Harm     .   (no cloak)
rCorr   .          Rampage  .   (no gloves)
Will    .....                   (no boots)
Stlth   ..........              (no amulet)
HPRegen 0.20/turn               (no ring)
MPRegen 0.10/turn               (no ring)

@: corroded
A: horns 2, retaliatory headbutt
a: Renounce Religion, Heroism


You were on level 5 of the Dungeon.
You worshipped Okawaru.
Okawaru was pleased with you.
You visited 2 branches of the dungeon, and saw 6 of its levels.

You collected 266 gold pieces.

Inventory:

Hand Weapons
 a - a +1 vorpal falchion (weapon)
Armour
 b - a +0 scale mail
 c - a +0 kite shield (worn)
 m - a +3 chain mail (worn)
Jewellery
 q - a ring of resist corrosion
 r - a ring of poison resistance
Scrolls
 e - a scroll of enchant armour {unknown}
 f - 3 scrolls of immolation {unknown}
 i - 2 scrolls of holy word {unknown}
 j - 2 scrolls of vulnerability {unknown}
 k - a scroll of amnesia {unknown}
 l - 2 scrolls of noise {unknown}
 n - a scroll of identify {unknown}
 o - a scroll of brand weapon {unknown}
 p - a scroll of teleportation {unknown}
 s - a scroll of fog {unknown}
Potions
 d - a potion of might
 g - a potion of degeneration {unknown}
 h - 2 potions of brilliance {unknown}
 t - 2 potions of heal wounds {unknown}
 u - a potion of ambrosia {unknown}


   Skills:
 + Level 5.8 Fighting
 + Level 7.3 Long Blades
 + Level 6.6 Armour
 + Level 1.3 Dodging
 + Level 0.4 Stealth
 + Level 5.3 Shields
 + Level 0.2 Invocations


You had 6 spell levels left.
You didn't know any spells.
Your spell library contained the following spells:

 Spells                   Type           Power      Damage    Failure   Level
 Magic Dart               Conj           0%         1d3       100%        1
 Blink                    Tloc           0%         N/A       100%        2
 Sublimation of Blood     Necr           0%         N/A       100%        2
 Lesser Beckoning         Tloc           0%         N/A       100%        3
 Mephitic Cloud           Conj/Pois/Air  0%         N/A       100%        3
 Petrify                  Tmut/Erth      0%         N/A       100%        4
 Irradiate                Conj/Tmut      0%         3d13      100%        5
 Manifold Assault         Tloc           0%         N/A       100%        5
 Call Imp                 Summ           Unusable   N/A       N/A         2

Dungeon Overview and Level Annotations

Branches:
Dungeon (5/15)             Temple (1/1) D:4

Altars:
Ashenzari
Cheibriados
Elyvilon
Fedhas
Gozag
Makhleb
Nemelex Xobeh
Okawaru
Ru
Sif Muna
Wu Jian
Yredelemnul
Zin

Shops:
D:1 :

Annotations:
D:5 Ijyb


Innate Abilities, Weirdness & Mutations

You have a pair of horns on your head.
You reflexively headbutt those who attack you in melee.


Message History

The jelly hits you but does no damage.
You hit the jelly.
You kill the jelly!
Okawaru accepts your kill.
Found a short sword.
Found a book of Rime.
You barely miss Ijyb. You headbutt Ijyb, but do no damage.
Ijyb hits you but does no damage.
You hit Ijyb but do no damage. Your headbutt misses Ijyb.
Ijyb hits you but does no damage.
You hit Ijyb. Your headbutt misses Ijyb.
Ijyb is lightly wounded.
Ijyb hits you but does no damage.
You hit Ijyb. Your headbutt misses Ijyb.
Ijyb is moderately wounded.
Ijyb hits you but does no damage.
You closely miss Ijyb.
Ijyb is moderately wounded.
Ijyb barely misses you.
You hit Ijyb. Your headbutt misses Ijyb.
Ijyb is moderately wounded.
You block Ijyb's attack. x2
You hit Ijyb. You headbutt Ijyb, but do no damage.
Ijyb is heavily wounded.
You block Ijyb's attack.
You barely miss Ijyb.
Ijyb is heavily wounded.
Ijyb zaps a wand.
The bolt of acid hits you!!
You barely miss Ijyb. Your headbutt misses Ijyb.
Ijyb is heavily wounded.
Ijyb zaps a wand.
The bolt of acid hits you!!
* * * LOW HITPOINT WARNING * * *
The acid corrodes you!
You hit Ijyb but do no damage. You headbutt Ijyb.
Ijyb is heavily wounded.
Ijyb hits you but does no damage.
You hit Ijyb but do no damage.
Ijyb is heavily wounded.
Ijyb zaps a wand.
The bolt of acid hits you!!
You die...

#...#.###.#.# #
#...#.###...# .#
#..##.......# #.#
..<.........# +8.##
#.#.##......## ......
..#.##.###...######......
....##. #...............
...### #.#.####..#....
..## ...#...g@..# . ..#
########...$..... #.#
........... ..#
###.........) ..#
#.......... ..#
#.......... ..#
#......#### .## #.:....#
.#


You could see Ijyb.

Vanquished Creatures
  Sigmund (D:5)
  Eustachio (D:5)
  2 ogres (D:4)
  A black bear (D:4)
  A water moccasin skeleton (D:4)
  A howler monkey (D:4)
  A bullfrog zombie (D:5)
  A jelly (D:5)
  An orc priest (D:2)
  A hound (D:5)
  An iguana (D:5)
  An orc wizard (D:2)
  A hound skeleton (D:4)
  3 adders
  A white imp (D:4)
  An adder skeleton (D:4)
  A worm (D:3)
  2 dart slugs
  11 orcs
  7 endoplasms
  4 giant cockroaches
  8 goblins
  13 hobgoblins
  4 jackals
  A quokka (D:2)
  5 ball pythons
  4 bats
  4 frilled lizards
  10 kobolds
93 creatures vanquished.

Notes
Turn   | Place    | Note
-------+----------+-------------------------------------------
     0 | D:1      | Peloso the Minotaur Fighter began the quest for the Orb.
     0 | D:1      | Reached XP level 1. HP: 19/19 MP: 0/0
   236 | D:1      | Found a faded altar of an unknown god.
   390 | D:1      | Found Deim's Book Boutique.
   424 | D:1      | Reached XP level 2. HP: 13/27 MP: 1/1
  1501 | D:2      | Reached skill level 3 in Long Blades
  1508 | D:2      | Reached XP level 3. HP: 31/33 MP: 2/2
  1930 | D:2      | Reached XP level 4. HP: 31/40 MP: 3/3
  1933 | D:2      | Reached skill level 4 in Long Blades
  2530 | D:3      | Found a broken altar of Ashenzari.
  2733 | D:4      | Found a staircase to the Ecumenical Temple.
  2742 | Temple   | Entered the Ecumenical Temple
  2845 | Temple   | Became a worshipper of Warmaster Okawaru
  2891 | D:4      | Reached XP level 5. HP: 47/47 MP: 4/4
  2958 | D:4      | Reached skill level 5 in Armour
  3143 | D:4      | Noticed a black bear
  3143 | D:4      | Noticed an ogre
  3153 | D:4      | Killed an ogre
  3153 | D:4      | Reached * piety under Okawaru
  3154 | D:4      | Reached skill level 5 in Long Blades
  3154 | D:4      | Reached XP level 6. HP: 35/53 MP: 5/5
  3317 | D:4      | Reached skill level 1 in Dodging
  3342 | D:4      | Reached skill level 6 in Long Blades
  3342 | D:4      | Reached XP level 7. HP: 46/60 MP: 6/6
  3983 | D:5      | Entered Level 5 of the Dungeon
  4039 | D:5      | Noticed Sigmund
  4055 | D:5      | Reached skill level 5 in Fighting
  4062 | D:5      | Killed Sigmund
  4062 | D:5      | Reached ** piety under Okawaru
  4203 | D:5      | Noticed Eustachio
  4248 | D:5      | Killed Eustachio
  4249 | D:5      | Reached skill level 7 in Long Blades
  4249 | D:5      | Reached skill level 5 in Shields
  4279 | D:5      | Noticed Ijyb
  4298 | D:5      | Killed from afar by Ijyb

Illustrated notes

Levels and vault maps discovered:
D:1:      psy_arrival_basics, layout_loops_ring, serial_shops,
          nicolae_shop_hallway_stairs, dreamdust_ecumenical_altar_grove,
          minmay_pentomino_x2
D:2:      cheibrodos_greedy_goblins, layout_loops_ring, serial_aquarium,
          aquarium_bridge_island_small [aquarium_subvault_small_open,
          aquarium_subvault_bridge, aquarium_subvault_bridge,
          aquarium_subvault_bridge, aquarium_subvault_wall], aquarium_window_2,
          aquarium_window_fake, aquarium_window_corridor_3, aquarium_window_1,
          aquarium_view_2e
D:3:      layout_basic, nicolae_overflow_hidden_temple
D:4:      cheibrodos_barr_body, layout_gridville,
          minmay_temple_entry_antechambers
D:5:      layout_basic, jmf_multi_god_temple2, serial_glass, glass_columns_c,
          glass_columns_b, due_unseen_surprise, item_on_display_a,
          minmay_shop_damaged, uniq_blork_the_orc, uniq_eustachio,
          uniq_crazy_yiuf_cottage, uniq_sigmund, uniq_ijyb
Temple:   regret_index_temple_sphere_string

Skill      XL: |  1  2  3  4  5  6  7 |
---------------+----------------------+-----
Armour         | 4 5 6 |  6.6
Long Blades    | 3 4 5 6 7 |  7.3
Fighting       | 4 5 |  5.8
Shields        | 4 5 |  5.3
Dodging        | 1 |  1.3
Stealth        | |  0.4
Invocations    | |  0.2

Action                   |  1- 3 |  4- 6 |  7- 9 || total
-------------------------+-------+-------+-------++-------
Melee: Long sword        |    91 |    79 |       ||   170
       Headbutt          |    11 |    13 |    15 ||    39
       Falchion          |       |    25 |    58 ||    83
Invok: Heroism           |       |     1 |       ||     1
Armor: Scale mail        |    26 |       |       ||    26
       Chain mail        |     5 |    57 |    27 ||    89
Dodge: Dodged            |    35 |    35 |    13 ||    83
Block: Buckler           |    15 |    28 |       ||    43
       Kite shield       |       |       |    19 ||    19
